 Dungeon Crawl Stone Soup version 0.29-a0-838-g385bb11a5b (webtiles) character file.

Game seed: 1393818156286868632

4664 gruber the Destroyer (level 10, -5/50 HPs)
             Began as a Tengu Conjurer on July 13, 2022.
             Killed from afar by an efreet (29 damage)
             ... with a fireball
             ... on level 9 of the Dungeon.
             The game lasted 00:16:11 (12545 turns).

gruber the Destroyer (Tengu Conjurer)              Turns: 12545, Time: 00:16:11

Health: -5/50      AC:  4    Str: 10    XL:     10   Next: 44%
Magic:  13/18      EV: 23    Int: 22    God:
Gold:   449        SH:  8    Dex: 18    Spells: 3/19 levels left

rFire   . . .      SeeInvis .   v - +4 spear of Annoyance {elec, Str+3}
rCold   . . .      Faith    .   z - +2 buckler of the Bulwark {Dex+4}
rNeg    . . .      Spirit   .   a - +0 robe
rPois   .          Reflect  .   (helmet restricted)
rElec   .          Harm     .   C - +1 cloak {rCorr}
rCorr   +          Rampage  .   (no gloves)
Will    .....                   (boots unavailable)
Stlth   ++........              (no amulet)
HPRegen 0.16/turn               i - +4 ring of evasion
MPRegen 0.16/turn               (no ring)

@: flying quickly and evasively, quick
A: beak, talons 3, nimble flight
a: no special abilities


You were on level 9 of the Dungeon.
You visited 2 branches of the dungeon, and saw 10 of its levels.
You also visited: Ossuary.

You collected 449 gold pieces.

Inventory:

Hand Weapons
 v - the +4 spear of Annoyance (weapon) {elec, Str+3}
   (You found it on level 4 of the Dungeon)

   It occasionally discharges a powerful burst of electricity upon striking a
   foe.
   Str:       It affects your strength (+3).
Armour
 a - a +0 robe (worn)
 z - the +2 buckler of the Bulwark (worn) {Dex+4}
   (You found it on level 5 of the Dungeon)

   Dex:       It affects your dexterity (+4).
 C - a +1 cloak of preservation (worn)
 N - +0 acid dragon scales
 O - the +1 ring mail of Fortitude {rC+ Int+6 Dex-2}
   (You found it on level 8 of the Dungeon)

   Int:       It affects your intelligence (+6).
   Dex:       It affects your dexterity (-2).
   rC:        It protects you from cold.
Jewellery
 i - a +4 ring of evasion (left hand)
 w - an amulet of faith
 F - an amulet of regeneration
Wands
 h - a wand of roots (5)
 y - a wand of light (11)
Scrolls
 c - 3 scrolls of blinking {unknown}
 d - 12 scrolls of identify {unknown}
 e - 3 scrolls of fog {unknown}
 j - 6 scrolls of fear {unknown}
 n - 5 scrolls of teleportation {unknown}
 o - 4 scrolls of poison {unknown}
 p - 4 scrolls of noise {unknown}
 q - 2 scrolls of vulnerability {unknown}
 t - a scroll of amnesia {unknown}
 x - 3 scrolls of immolation {unknown}
 A - a scroll of torment {unknown}
 D - a scroll of enchant weapon {unknown}
 E - a scroll of enchant armour {unknown}
 K - a scroll of brand weapon {unknown}
 M - 3 scrolls of summoning {unknown}
Potions
 b - a potion of magic
 f - 2 potions of cancellation {unknown}
 g - 3 potions of attraction {unknown}
 k - 2 potions of heal wounds {unknown}
 l - 5 potions of degeneration {unknown}
 m - 5 potions of flight {unknown}
 r - a potion of mutation {unknown}
 s - 5 potions of berserk rage {unknown}
 u - 3 potions of curing
 B - a potion of ambrosia {unknown}
 G - a potion of brilliance {unknown}
 H - 2 potions of lignification {unknown}
 I - 2 potions of might {unknown}
 J - 2 potions of resistance {unknown}
 L - a potion of invisibility {unknown}


   Skills:
 - Level 5.4 Polearms
 * Level 2.7 Armour
 - Level 7.0 Dodging
 - Level 2.0 Stealth
 - Level 4.8 Shields
 - Level 5.0 Spellcasting
 - Level 14.0 Conjurations


You had 3 spell levels left.
You knew the following spells:

 Your Spells              Type           Power      Damage    Failure   Level
a - Magic Dart            Conj           100%       1d8       1%          1
b - Searing Ray           Conj           100%       2d8       1%          2
c - Iskenderun's Mystic   Conj/Tloc      36%        2d9       7%          4
d - Fulminant Prism       Conj/Hex       18%        3d11      7%          4
e - Iskenderun's Battles  Conj           61%        2d11      1%          5

Your spell library contained the following spells:

 Spells                   Type           Power      Damage    Failure   Level
 Dazzling Flash           Conj/Hex       72%        N/A       2%          3
 Mephitic Cloud           Conj/Pois/Air  26%        N/A       5%          3
 Apportation              Tloc           10%        N/A       13%         1
 Necrotise                Necr           20%        1d5       13%         1
 Slow                     Hex            20%        N/A       13%         1
 Sting                    Tmut/Pois      20%        1d4       13%         1
 Summon Small Mammal      Summ           20%        N/A       13%         1
 Call Imp                 Summ           5%         N/A       19%         2
 Poisonous Vapours        Pois/Air       10%        N/A       19%         2
 Confusing Touch          Hex            5%         N/A       36%         3
 Vampiric Draining        Necr           5%         2d6       36%         3
 Fireball                 Conj/Fire      18%        3d9       21%         5
 Orb of Destruction       Conj           30%        9d10      34%         7
 Conjure Ball Lightning   Conj/Air       18%        3x3d6     73%         6
 Olgreb's Toxic Radiance  Pois           5%         N/A       77%         4
 Yara's Violent Unravell  Hex/Tmut       2%         3d3       98%         5
 Enfeeble                 Hex            2%         N/A       100%        7


Dungeon Overview and Level Annotations

Branches:
Dungeon (9/15)             Temple (1/1) D:5         Ossuary (visited)
   Lair: D:8-11         Orc: D:9-12

Altars:
Ashenzari
Cheibriados
Dithmenos
Elyvilon
Fedhas
Gozag
Hepliaklqana
Makhleb
Nemelex Xobeh
Okawaru
Qazlal
Ru
Sif Muna
Trog
Uskayaw
Wu Jian
Xom
Yredelemnul
Zin

Shops:
D:1 *   D:3 [


Innate Abilities, Weirdness & Mutations

You have a beak for a mouth.
You have claws for feet.
Your magical nature lets you fly swiftly and evasively.


Message History

There is a stone staircase leading down here.
You fly downwards.
There is a stone staircase leading up here.
Done exploring.
Done exploring.
(D) Dungeon (T) Temple
Where to? (Enter - D:8, ? - help)
There is a stone staircase leading down here.
You fly downwards.
Found 6 gold pieces.
There is a stone staircase leading up here.
There are monsters nearby!
Unknown command.
You fly upwards.
There is a stone staircase leading down here.
There is a stone staircase leading down here.
You fly downwards.
There is a stone staircase leading up here.
You reach down and open the door.
There is an open door here.
You reach down and open the door.
There is an open door here.
Found a long sword.
n - 5 scrolls labelled ESIEZE IPARADEX (gained 1)
An efreet comes into view.
It is wielding a +3 scimitar of flaming.
The efreet gestures at you.
The fireball explodes!
The fireball engulfs you!!
Ouch! That really hurt!
You see here 2 scrolls labelled MICZAF COTT.
An efreet is nearby!
Unknown command.
Casting: Magic Dart (safe; 1% risk of failure)
Confirm with . or Enter, or press ? or * to list all spells.
You conjure a globe of magical energy.
The efreet gestures at you.
The fireball explodes!
The fireball engulfs your battlesphere.
Your battlesphere resists.
The fireball engulfs you!!
Ouch! That really hurt!
You die...

.... .......#......#...
..... #......#......'...
.....##......#......#...
...........#......#...
###.........+......#...
##R..........#......#...
... #?.##.##..#####...
....R##..##.##..# ....
## ......*@........#
.... ###.
.#..............# #...
#..)...........# ....
#..............# ...#
#..............# ...#
#..............+ ...#
#..............# ..<#
###########...## ...#


You could see an efreet (ally target) and a friendly battlesphere.

Vanquished Creatures
  Joseph (D:7)
  Grinder (D:6)
  Prince Ribbit (D:7)
  Sigmund (D:6)
  2 humans (D:7)
  A steam dragon (D:7)
  Edmund (D:5)
  Duvessa (D:7)
  A water moccasin (D:7)
  An acid dragon (D:8)
  A black bear (D:2)
  2 ice beasts
  2 orc warriors
  A sky beast (D:8)
  2 centaurs (D:5)
  2 phantoms (D:5)
  2 necrophages (D:7)
  2 bullfrogs
  12 scorpions
  3 wights (D:8)
  Dowan (D:7)
  2 howler monkeys (D:8)
  2 centaur zombies (Ossuary)
  4 hounds
  Crazy Yiuf (D:5)
  A human zombie (Ossuary)
  An orc priest (D:4)
  5 iguanas
  6 scorpion zombies (Ossuary)
  An orc wizard (D:3)
  3 mummies (Ossuary)
  Robin (D:2)
  6 gnolls
  5 adders
  A shadow imp (D:6)
  A white imp (D:7)
  An ufetubus (D:4)
  A worm (D:2)
  8 dart slugs
  25 orcs
  2 bats
  9 endoplasms
  A giant cockroach (D:3)
  2 gnoll zombies (Ossuary)
  11 goblins
  8 hobgoblins
  4 jackals (D:2)
  3 quokkas
  9 ball pythons
  3 frilled lizards
  A goblin zombie (Ossuary)
  2 hobgoblin zombies (Ossuary)
  6 kobolds
  A kobold zombie (Ossuary)
  2 rats (D:3)
180 creatures vanquished.

Vanquished Creatures (others)
  A fulminant prism (D:6)
  15 plants (D:2)
16 creatures vanquished.

Grand Total: 196 creatures vanquished

Notes
Turn   | Place    | Note
-------+----------+-------------------------------------------
     0 | D:1      | gruber the Tengu Conjurer began the quest for the Orb.
     0 | D:1      | Reached XP level 1. HP: 10/10 MP: 4/4
   131 | D:1      | Found a faded altar of an unknown god.
   312 | D:1      | Reached XP level 2. HP: 9/15 MP: 0/6
   439 | D:1      | Found Elavo's General Store.
   522 | D:1      | Reached skill level 6 in Conjurations
   827 | D:2      | Noticed Robin
   828 | D:2      | Reached XP level 3. HP: 19/19 MP: 3/7
   874 | D:1      | Learned a level 2 spell: Searing Ray
   974 | D:2      | Noticed a black bear
  1126 | D:2      | Reached skill level 7 in Conjurations
  1149 | D:2      | Reached XP level 4. HP: 24/24 MP: 1/8
  1555 | D:2      | Killed Robin
  2207 | D:2      | Reached skill level 8 in Conjurations
  2332 | D:3      | Gained mutation: Your magical nature lets you fly swiftly
                  | and evasively. [Tengu growth]
  2332 | D:3      | Reached XP level 5. HP: 28/28 MP: 3/9
  2512 | D:3      | Found Bomiph's Antique Armour Emporium.
  2573 | D:3      | Found a stormy altar of Qazlal.
  2951 | D:3      | Found an ornate altar of the Wu Jian Council.
  3419 | D:4      | Reached XP level 6. HP: 9/32 MP: 5/12
  4123 | D:4      | Found a sacrificial altar of Ru.
  4182 | D:4      | Identified the +4 spear of Annoyance {elec, Str+3}
  4328 | D:5      | Entered Level 5 of the Dungeon
  4337 | D:5      | Reached skill level 5 in Spellcasting
  4443 | D:5      | Reached skill level 1 in Polearms
  4641 | D:5      | Reached XP level 7. HP: 13/36 MP: 8/15
  4979 | D:5      | Found a staircase to the Ecumenical Temple.
  5035 | D:5      | Found a white marble altar of Elyvilon.
  5310 | D:5      | Reached skill level 5 in Polearms
  5314 | D:5      | Identified the +2 buckler of the Bulwark {Dex+4}
  5578 | D:5      | Found a shadowy altar of Dithmenos.
  5584 | D:5      | Learned a level 4 spell: Iskenderun's Mystic Blast
  5714 | D:5      | Learned a level 4 spell: Fulminant Prism
  5803 | D:5      | Found a runed translucent door.
  5804 | D:5      | Noticed Crazy Yiuf
  6025 | D:5      | Killed Crazy Yiuf
  6026 | D:5      | Reached skill level 1 in Shields
  6167 | D:6      | Reached XP level 8. HP: 18/41 MP: 9/16
  6431 | D:6      | Noticed Grinder
  6445 | D:6      | Killed Grinder
  6885 | Temple   | Entered the Ecumenical Temple
  7273 | D:6      | Noticed Sigmund
  7580 | D:6      | Noticed Edmund
  7864 | D:5      | Killed Edmund
  8139 | D:5      | Reached skill level 9 in Conjurations
  8385 | D:6      | Killed Sigmund
  8386 | D:6      | Reached skill level 10 in Conjurations
  8386 | D:6      | Reached XP level 9. HP: 45/45 MP: 9/17
  8601 | D:7      | Found a sand-covered staircase.
  8612 | Ossuary  | Entered an ossuary
  8635 | Ossuary  | Reached skill level 11 in Conjurations
  9305 | Ossuary  | Reached skill level 12 in Conjurations
  9760 | D:7      | Reached skill level 13 in Conjurations
  9867 | D:7      | Noticed Dowan
  9880 | D:7      | Noticed Prince Ribbit
  9901 | D:7      | Killed Prince Ribbit
 10037 | D:7      | Noticed Joseph
 10091 | D:7      | Reached skill level 14 in Conjurations
 10256 | D:7      | Found an iron altar of Okawaru.
 10324 | D:7      | Reached XP level 10. HP: 50/50 MP: 10/18
 10401 | D:7      | Noticed Duvessa
 10410 | D:7      | Killed Duvessa
 10414 | D:7      | Killed Dowan
 10415 | D:7      | Reached skill level 5 in Dodging
 10501 | D:7      | Found a hide-covered altar of Uskayaw.
 10958 | D:8      | Found a bloodstained altar of Trog.
 11456 | D:8      | Learned a level 5 spell: Iskenderun's Battlesphere
 11467 | D:8      | Identified the +1 ring mail of Fortitude {rC+ Int+6 Dex-2}
 12301 | D:7      | Killed Joseph
 12446 | D:9      | Noticed a six-headed hydra
 12545 | D:9      | Killed from afar by an efreet

Illustrated notes

Levels and vault maps discovered:
D:1:      eino_arrival_water_cross, layout_basic, serial_shops,
          nicolae_square_shop, ebering_ecumenical_altar_petrified
D:2:      layout_basic, hangedman_feature_mirror, nicolae_grassy_gnolls,
          uniq_robin
D:3:      layout_basic, nicolae_wu_jian_immortal_techniques,
          overflow_temple_1_default, serial_shops, shop_statue
D:4:      layout_gridville, nicolae_ru_awakened_eye
D:5:      layout_cave_pods, kennysheep_mini,
          nicolae_dithmenos_through_a_glass_darkly, minmay_temple_entry_statues,
          uniq_crazy_yiuf_cottage
D:6:      layout_gridville, uniq_sigmund, uniq_grinder, uniq_edmund
D:7:      layout_rooms, okawaru_humans, lemuel_crystal_altar, enter_ossuary_3,
          uniq_duvessa, uniq_joseph, uniq_prince_ribbit1
D:8:      layout_basic, mainiacjoe_overflow_24_doors, serial_park_tiny_pond,
          kennysheep_generic_room_3
D:9:      minmay_diamond_stairs, layout_stronghold,
          mainiacjoe_overflow_cross_hatched, zombieorc2_lemuel, feat_on_display
Temple:   nicolae_temple_bog_church

Skill      XL: |  1  2  3  4  5  6  7  8  9 10 |
---------------+-------------------------------+-----
Conjurations   | 6 7 8 10 14 | 14.0
Spellcasting   | 3 5 |  5.0
Polearms       | 2 5 |  5.4
Shields        | 2 4 |  4.8
Dodging        | 4 7 |  7.0
Armour         | 2 |  2.7
Stealth        | |  2.0

Action                   |  1- 3 |  4- 6 |  7- 9 | 10-12 || total
-------------------------+-------+-------+-------+-------++-------
Melee: Unarmed           |     1 |     3 |       |       ||     4
       Kick              |     1 |     2 |     7 |       ||    10
       Spear             |       |     1 |    27 |     2 ||    30
       Peck              |       |       |     3 |       ||     3
 Cast: Magic Dart        |    44 |   144 |    66 |    15 ||   269
       Searing Ray       |       |    11 |    59 |    19 ||    89
       Fulminant Prism   |       |       |     1 |       ||     1
       Iskenderun's Batt |       |       |       |     4 ||     4
Armor: Robe              |     1 |     1 |     9 |       ||    11
Dodge: Dodged            |     4 |     8 |    64 |    11 ||    87
Block: Buckler           |       |       |    27 |     9 ||    36

Table legend: (Time is in decaauts)
 A = Elapsed time spent in this place.
 B = Non-inter-level travel time spent in this place.
 C = Inter-level travel time spent in this place.
 D = Time resting spent in this place.
 E = Time spent auto-exploring this place.
 F = Levels seen in this place.
 G = Mean time per level.
                   A        B        C        D        E       F      G
               +--------+--------+--------+--------+--------+-----+--------+
         Total |  12072 |  11339 |    733 |    323 |   9157 |  11 | 1097.5 |
       Dungeon |  10753 |  10029 |    724 |    319 |   8078 |   9 | 1194.8 |
        Temple |    214 |    205 |      9 |      0 |    197 |   1 |  214.0 |
       Ossuary |   1104 |   1104 |      0 |      4 |    881 |   1 | 1104.0 |
               +--------+--------+--------+--------+--------+-----+--------+

Top non-repeatable levels by time:
     D:5: 2493 daAuts
     D:2: 1711 daAuts
     D:6: 1344 daAuts
     D:7: 1343 daAuts
     D:3: 1116 daAuts
 Ossuary: 1104 daAuts
     D:1: 916 daAuts
     D:4: 911 daAuts
     D:8: 860 daAuts
  Temple: 214 daAuts
     D:9: 55 daAuts
